 Dungeon Crawl Stone Soup version 0.25-a0-843-g6944ee31a2 (webtiles) character file.

Game seed: 2811732763848972653, levelgen mode: deterministic

225 Error4North the Skirmisher (level 6, 0/53 HPs)
             Began as a Hill Orc Fighter on Apr 25, 2020.
             Killed from afar by an orc wizard (12 damage)
             ... with a puff of flame
             ... on level 4 of the Dungeon.
             The game lasted 00:07:25 (2320 turns).

Error4North the Skirmisher (Hill Orc Fighter)       Turns: 2320, Time: 00:07:26

Health: 0/53       AC: 13    Str: 19    XL:     6   Next: 1%
Magic:  6/6        EV:  3    Int:  8    God:
Gold:   115        SH:  9    Dex: 10    Spells: 5/5 levels left

rFire    . . .     SeeInvis .   a - +0 war axe
rCold    . . .     Gourm    .   c - +0 kite shield
rNeg     . . .     Faith    .   o - +0 plate armour
rPois    .         Spirit   .   (no helmet)
rElec    .         Reflect  .   (no cloak)
rCorr    .         Harm     .   b - +0 pair of gloves
MR       .....                  (no boots)
Stlth    ..........             (no amulet)
HPRegen  0.17/turn              (no ring)
MPRegen  0.10/turn              (no ring)

@: no status effects
A: sense surroundings 1, weak 1
a: no special abilities


You were on level 4 of the Dungeon.
You were not hungry.

You visited 1 branch of the dungeon, and saw 4 of its levels.

You collected 115 gold pieces.

Inventory:

Hand Weapons
 a - a +0 war axe (weapon)
Missiles
 j - 8 boomerangs (quivered)
Armour
 b - a +0 pair of gloves (worn)
 c - a +0 kite shield (worn)
 o - a +0 plate armour (worn)
Wands
 p - a wand of acid (6)
Scrolls
 e - 6 scrolls of remove curse {unknown}
 g - 2 scrolls of amnesia
 h - 5 scrolls of identify {unknown}
 l - 2 scrolls of immolation {unknown}
 q - a scroll of noise {unknown}
 r - a scroll of teleportation {unknown}
 s - a scroll of fog {unknown}
 u - 3 scrolls of fear {unknown}
Potions
 d - a potion of might
 i - 2 potions of curing
 m - a potion of heal wounds {unknown}
 t - 3 potions of haste {unknown}
Comestibles
 f - 3 rations
 v - 2 chunks of flesh


   Skills:
 * Level 4.6 Fighting
 + Level 4.4 Axes
 + Level 0.2 Throwing
 * Level 4.4 Armour
 + Level 0.5 Dodging
 + Level 0.1 Stealth
 * Level 4.5 Shields
 * Level 0.9 Evocations


You had 5 spell levels left.
You didn't know any spells.
Your spell library was empty.

Dungeon Overview and Level Annotations

Branches:
Dungeon (4/15)
 Temple: D:4-7

Altars:

Annotations:
D:2 1 runed translucent door, Crazy Yiuf
D:4 Pikel


Innate Abilities, Weirdness & Mutations

You passively map a small area around you.
You are weak. (Str -2)


Message History

You hear some strange, mumbled words.
A puff of flame appears from out of thin air!
The puff of flame hits you!
A magic dart appears from out of thin air!
The magic dart hits you but does no damage.
The bullfrog hits you.
You hit the bullfrog.
The bullfrog is lightly wounded.
You hear some strange, mumbled words.
A puff of frost appears from out of thin air!
The puff of frost hits you. You block the bullfrog's attack.
The bullfrog hits you.
* * * LOW HITPOINT WARNING * * *
As you read the scroll labeled XIYCICZAJUS, it crumbles to dust.
It is a scroll of amnesia.
You feel forgetful for a moment.
You hear some strange, mumbled words.
A puff of flame appears from out of thin air!
The puff of flame hits you!
You die...

* *
############
.....)F@{o.#
#######>##o#
* , #.##.# *
* * #.##o# ,
.o.#.##o####
.......oZ..#
, *
.$....#.##.#
##.##.#.##.#
, * #
#.#.##.#


You could see a bullfrog and 2 orcs.

Vanquished Creatures
  2 slaves (D:4)
  Blork the orc (D:4)
  Jessica (D:2)
  5 adders
  5 dart slugs
  4 worms
  2 leopard geckos
  4 orcs
  4 giant cockroaches
  7 goblins
  6 hobgoblins
  3 ball pythons
  7 bats
  3 frilled lizards
  3 kobolds (D:1)
  5 rats
62 creatures vanquished.

Notes
Turn   | Place    | Note
-------+----------+-------------------------------------------
     0 | D:1      | Error4North the Hill Orc Fighter began the quest for the
                  | Orb.
     0 | D:1      | Reached XP level 1. HP: 19/19 MP: 1/1
   123 | D:1      | Reached XP level 2. HP: 26/27 MP: 2/2
   296 | D:1      | Reached XP level 3. HP: 30/33 MP: 3/3
   859 | D:2      | Noticed Jessica
   875 | D:2      | Killed Jessica
   875 | D:2      | Reached XP level 4. HP: 33/41 MP: 4/4
  1085 | D:2      | Found a runed translucent door.
  1086 | D:2      | Noticed Crazy Yiuf
  1619 | D:3      | Reached XP level 5. HP: 47/47 MP: 5/5
  2127 | D:4      | Noticed a slave
  2127 | D:4      | Noticed a slave
  2142 | D:4      | Noticed Blork the orc
  2169 | D:4      | Killed Blork the orc
  2185 | D:4      | Killed a slave
  2190 | D:4      | Killed a slave
  2279 | D:4      | Noticed Pikel
  2290 | D:4      | Reached XP level 6. HP: 44/53 MP: 6/6
  2313 | D:4      | Gained mutation: You are weak. (Str -2) [potion of
                  | mutation]
  2313 | D:4      | Gained mutation: You passively map a small area around you.
                  | [potion of mutation]
  2320 | D:4      | Killed from afar by an orc wizard

Levels and vault maps discovered:
D:1:      sevenhm_arrival_forest_fort_large_1, layout_basic
D:2:      layout_rooms, uniq_jessica, uniq_crazy_yiuf_cottage
D:3:      layout_loops_cross
D:4:      layout_loops_ring, minmay_temple_entry_nine_rooms, first_ration,
          serial_glass, glass_columns_a, glass_columns_a, uniq_pikel,
          uniq_sigmund, uniq_blork_the_orc

Skill      XL: |  1  2  3  4  5 |
---------------+----------------+-----
Fighting       | 4 |  4.6
Axes           | 3 4 |  4.4
Shields        | 4 |  4.5
Armour         | 4 |  4.4
Throwing       | |  0.2
Dodging        | |  0.5
Stealth        | |  0.1
Evocations     | |  0.9

Action                   |  1- 3 |  4- 6 || total
-------------------------+-------+-------++-------
Melee: War axe           |    95 |   143 ||   238
Throw: Boomerang         |       |     9 ||     9
  Use: Potion            |       |     3 ||     3
       Scroll            |       |     1 ||     1
  Eat: Chunk             |       |     5 ||     5
Armor: Scale mail        |    61 |     6 ||    67
       Plate armour      |       |   118 ||   118
Dodge: Dodged            |    39 |    40 ||    79
Block: Kite shield       |    53 |    93 ||   146

Table legend:
 A = Non-vault XP
 B = Vault XP
 C = Vault XP percentage of total XP
 D = Non-vault monster count
 E = Vault monster count
 F = Vault count percentage of total count
                 A         B        C        D         E       F
            +---------+---------+-------+---------+---------+-------
      Total |     183 |     139 |  43.2 |      56 |       4 |   6.7
            +---------+---------+-------+---------+---------+-------
        D:1 |      41 |       2 |   4.7 |      22 |       2 |   8.3
        D:2 |      67 |      37 |  35.6 |      20 |       1 |   4.8
        D:3 |      41 |       0 |   0.0 |      10 |       0 |   0.0
        D:4 |      34 |     100 |  74.6 |       4 |       1 |  20.0
            +---------+---------+-------+---------+---------+-------
